 Dungeon Crawl Stone Soup version 0.29.1-2-gbd0b4ee654 (webtiles) character file.

Game seed: 5646940356742605105

1981 Icepheonix32 the Transmogrifier (level 8, -3/88 HPs)
             Began as a Demigod Transmuter on Nov 4, 2022.
             Slain by a killer bee (5 damage)
             ... on level 7 of the Dungeon.
             The game lasted 00:11:53 (7993 turns).

Icepheonix32 the Transmogrifier (DgTm)              Turns: 7993, Time: 00:11:53

Health: -3/88      AC: 28    Str: 15    XL:     8   Next: 69%
Magic:  11/14      EV:  2    Int: 25    God:
Gold:   128        SH:  0    Dex: 14    Spells: 1/11 levels left

rFire   . . .      SeeInvis .     - Unarmed
rCold   . . .      Faith    .   (no shield)
rNeg    . . .      Spirit   .   (body armour currently unavailable)
rPois   +          Reflect  .   (helmet currently unavailable)
rElec   .          Harm     .   (cloak currently unavailable)
rCorr   .          Rampage  .   (gloves currently unavailable)
Will    .....      NoTele   +   (boots currently unavailable)
Stlth   +.........              (no amulet)
HPRegen 0.24/turn               d - +4 ring of protection
MPRegen 0.14/turn               b - +6 ring of intelligence

@: tree-form (expiring)
A: stationary, stasis, torment immunity, boosted hp, high MP 1, forlorn, divine
attributes
a: no special abilities


You were on level 7 of the Dungeon.
You were a tree.
You visited 1 branch of the dungeon, and saw 7 of its levels.

You collected 345 gold pieces.
You spent 217 gold pieces at shops.

Inventory:

Missiles
 f - a throwing net
Armour
 a - a +0 robe (melded)
 v - a +2 pair of boots (melded)
Magical Staves
 i - a staff of air
 k - a staff of cold
Jewellery
 b - a +6 ring of intelligence (right branch)
 d - a +4 ring of protection (left branch)
 o - a ring of fire
 t - a +6 ring of intelligence
Wands
 e - a wand of roots (8)
 h - a wand of quicksilver (12)
 l - a wand of flame (45)
 m - a wand of mindburst (20)
Scrolls
 j - a scroll of poison
 q - 2 scrolls of magic mapping
 r - a scroll of fog
 s - a scroll of identify
 u - a scroll of vulnerability {unknown}
 w - a scroll of teleportation
Potions
 g - a potion of lignification
 p - 2 potions of brilliance


   Skills:
 + Level 1.3 Fighting
 * Level 2.2 Dodging
 * Level 3.5 Unarmed Combat
 + Level 2.2 Spellcasting
 * Level 8.1 Transmutations
 + Level 5.2 Ice Magic
 + Level 3.0 Poison Magic


You had one spell level left.
You knew the following spells:

 Your Spells              Type           Power      Damage    Failure   Level
a - Beastly Appendage     Tmut           86%        N/A       1%          1
b - Spider Form           Tmut/Pois      31%        N/A       3%          3
c - Wereblood             Tmut           43%        N/A       1%          2
d - Ice Form              Ice/Tmut       36%        N/A       7%          4

Your spell library contained the following spells:

 Spells                   Type           Power      Damage    Failure   Level


Dungeon Overview and Level Annotations

Branches:
Dungeon (7/15)             Temple (0/1) D:5

Shops:
D:5 *   D:7 [


Innate Abilities, Weirdness & Mutations

You are a tree.
Your roots penetrate the ground, keeping you stationary.
You cannot be teleported.
You are immune to unholy pain and torment.
Your maximum health is greatly increased.
Your equipment is partially melded.
You have an increased reservoir of magic. (+10% MP)
You shall have no god before yourself.
Your divine heritage dramatically boosts your attributes as you level up.


Message History

The killer bee's mind is blasted!
The killer bee stings you but does no damage. x4
Unknown command.
You completely miss the killer bee.
The killer bee is heavily wounded.
You hear a croak.
The killer bee stings you but does no damage. x2
A bullfrog comes into view.
The killer bee stings you but does no damage. x2
Aiming: Mindburst
Press: ? - help, Shift-Dir - straight line, f/p - killer bee
Aim: a killer bee (heavily wounded, chance to affect: 72%)
The killer bee struggles to resist.
The killer bee stings you but does no damage. x2
The bullfrog releases a deep croak.
The killer bee stings you but does no damage. x2
You hit the killer bee.
The killer bee is severely wounded.
Your primal bloodlust has ended.
The killer bee stings you but does no damage. x4
Unknown command.
You hit the killer bee.
You kill the killer bee!
The killer bee stings you but does no damage. x3
The killer bee stings you.
* * * LOW HITPOINT WARNING * * *
Unknown command.
It was a potion of flight.
Your roots keep you in place.
The killer bee barely misses you.
The killer bee stings you but does no damage.
The killer bee stings you.
* * * LOW HITPOINT WARNING * * *
The killer bee stings you but does no damage.
Okay, then.
Okay, then.
Okay, then.
You are now empty-handed.
Unknown command.
You barely miss the killer bee. The killer bee stings you.
You die...

######### #.......#
######♣......#
########..†Fyy......######
........†.####......##...#####
........### ##...............
y......## #####.........#####
y###..# #...#.###.#...# #.#
##....###.#...### ...
###..##........# #..
##.#.........#


You could see a bullfrog and 2 killer bees.

Vanquished Creatures
  2 steam dragons
  A black bear (D:5)
  An ice beast (D:6)
  A sky beast (D:4)
  2 ogres
  A centaur (D:6)
  A phantom (D:5)
  Blork the orc (D:4)
  A kobold brigand (D:5)
  4 scorpions
  2 necrophages (D:5)
  4 killer bees (D:7)
  2 howler monkeys
  2 hounds
  3 iguanas (D:4)
  2 orc wizards
  3 gnolls (D:4)
  7 adders
  A shadow imp (D:5)
  3 dart slugs
  12 orcs
  7 ball pythons
  5 endoplasms
  A giant cockroach (D:1)
  9 goblins
  11 hobgoblins
  13 kobolds
  3 quokkas
  5 bats
  4 frilled lizards
  3 rats
117 creatures vanquished.

Vanquished Creatures (others)
  A white imp (D:7)
  A kobold (D:6)
2 creatures vanquished.

Grand Total: 119 creatures vanquished

Notes
Turn   | Place    | Note
-------+----------+-------------------------------------------
     0 | D:1      | Icepheonix32 the Demigod Transmuter began the quest for the
                  | Orb.
     0 | D:1      | Reached XP level 1. HP: 15/15 MP: 5/5
   395 | D:1      | Reached XP level 2. HP: 21/22 MP: 7/7
   488 | D:1      | Reached skill level 1 in Fighting
   606 | D:1      | Reached skill level 2 in Transmutations
  1113 | D:2      | Reached XP level 3. HP: 21/28 MP: 8/8
  1323 | D:2      | Learned a level 3 spell: Spider Form
  1326 | D:2      | Learned a level 2 spell: Wereblood
  2114 | D:3      | Reached XP level 4. HP: 35/35 MP: 7/9
  2507 | D:3      | Reached skill level 1 in Poison Magic
  2600 | D:3      | Reached skill level 3 in Transmutations
  2893 | D:4      | Noticed Blork the orc
  2898 | D:4      | Killed Blork the orc
  2899 | D:4      | Reached XP level 5. HP: 40/40 MP: 6/10
  2904 | D:4      | Noticed a sky beast
  2923 | D:4      | Killed a sky beast
  2924 | D:4      | Reached skill level 4 in Transmutations
  3078 | D:4      | Reached XP level 6. HP: 17/47 MP: 12/12
  3257 | D:4      | Reached skill level 5 in Transmutations
  4181 | D:4      | Reached skill level 6 in Transmutations
  4181 | D:4      | Reached XP level 7. HP: 52/52 MP: 9/13
  4594 | D:4      | Learned a level 4 spell: Ice Form
  4616 | D:5      | Entered Level 5 of the Dungeon
  4797 | D:5      | Reached skill level 7 in Transmutations
  4837 | D:5      | Found a staircase to the Ecumenical Temple.
  5348 | D:5      | Reached skill level 1 in Ice Magic
  5727 | D:5      | Found Leov Viq's Assorted Antiques.
  6327 | D:6      | Noticed a steam dragon
  6337 | D:5      | Reached XP level 8. HP: 26/59 MP: 12/14
  7599 | D:6      | Reached skill level 5 in Ice Magic
  7892 | D:7      | Found Doezen's Antique Armour Shoppe.
  7896 | D:7      | Bought a pair of glowing boots for 217 gold pieces
  7969 | D:7      | Reached skill level 8 in Transmutations
  7991 | D:7      | HP: 2/88 [killer bee (6)]
  7993 | D:7      | Slain by a killer bee

Illustrated notes

Levels and vault maps discovered:
D:1:      lemuel_arrival_rhombus, layout_loops_ring,
          ebering_ecumenical_altar_hall, minmay_misc_feat_nine_boxes,
          minmay_3d_cube
D:2:      layout_rooms, basic_altar, guppyfry_early_orc_mine
D:3:      layout_loops_cross, chequers_temple_overflow_statue_of_worship,
          patterned_corridor
D:4:      layout_gridville, uniq_blork_the_orc
D:5:      layout_gridville, mainiacjoe_overflow_six_doors_small,
          minmay_temple_entry_butterflies, serial_shops,
          nicolae_take_the_stairs, hex_large
D:6:      minmay_klotski, layout_basic, serial_glass, glass_columns_c,
          glass_columns_b, roderic_roman_lattice, minmay_misc_feat_doors,
          minivault_11
D:7:      lemuel_bear_cage, layout_basic, gammafunk_temple_overflow_claw,
          serial_shops, shop

Skill      XL: |  1  2  3  4  5  6  7  8 |
---------------+-------------------------+-----
Unarmed Combat | 3 |  3.5
Spellcasting   | 2 |  2.2
Fighting       | 1 |  1.3
Dodging        | 2 |  2.2
Transmutations | 2 3 4 6 7 8 |  8.1
Poison Magic   | 1 2 3 |  3.0
Ice Magic      | 2 5 |  5.2

Action                   |  1- 3 |  4- 6 |  7- 9 || total
-------------------------+-------+-------+-------++-------
Melee: Unarmed           |   144 |   115 |   137 ||   396
       Headbutt          |    15 |    18 |    10 ||    43
       Kick              |    14 |    26 |    23 ||    63
       Punch             |       |     2 |     5 ||     7
       Staff             |       |       |    63 ||    63
 Cast: Beastly Appendage |    30 |    17 |    11 ||    58
       Spider Form       |       |     3 |     8 ||    11
       Ice Form          |       |       |     3 ||     3
       Wereblood         |       |       |     3 ||     3
Evoke: Wand              |       |       |     2 ||     2
  Use: Scroll            |     3 |     7 |       ||    10
       Potion            |       |     5 |     3 ||     8
 Stab: Distracted        |     1 |       |       ||     1
       Sleeping          |       |     1 |     1 ||     2
Armor: Robe              |    60 |    21 |    25 ||   106
       Skin              |       |     3 |    74 ||    77
Dodge: Dodged            |   102 |    57 |   166 ||   325
